 Dungeon Crawl Stone Soup version 0.30.1-11-g7821555f0a (webtiles) character file.

Game seed: 9072844743831910877

184 fireball365 the Chopper (level 5, -4/47 HPs)
             Began as a Hill Orc Fighter on Dec 10, 2023.
             Slain by a gnoll
             ... wielding a +0 flail
              (8 damage)
             ... on level 3 of the Dungeon.
             The game lasted 00:04:59 (2225 turns).

fireball365 the Chopper (Hill Orc Fighter)          Turns: 2225, Time: 00:05:00

Health: -4/47      AC: 10    Str: 21    XL:     5   Next: 64%
Magic:  5/5        EV:  8    Int:  8    God:
Gold:   133        SH:  4    Dex: 10    Spells: 4/4 levels left

rFire   . . .        a - +0 war axe
rCold   . . .        c - +0 buckler
rNeg    . . .        g - +0 chain mail
rPois   .            (no helmet)
rElec   .            i - +0 cloak
rCorr   .            (no gloves)
SInv    .            (no boots)
Will    .....        (no amulet) Stlth
                     n - ring of flight
HPRegen 0.27/turn    (no ring)
MPRegen 0.09/turn

%: no passive effects
@: flying
A: no striking features
a: no special abilities


You were on level 3 of the Dungeon.
You visited 1 branch of the dungeon, and saw 3 of its levels.

You collected 133 gold pieces.

Inventory:

Hand Weapons
 a - a +0 war axe (weapon)
Armour
 b - a +0 scale mail
 c - a +0 buckler (worn)
 g - a +0 chain mail (worn)
 i - a +0 cloak (worn)
Jewellery
 h - a ring of ice
 n - a ring of flight (left hand)
 o - a ring of fire
Scrolls
 f - a scroll of identify
 m - a scroll of enchant armour
Potions
 d - 2 potions of might
 k - a potion of haste


   Skills:
 + Level 4.4 Fighting
 + Level 5.0 Axes
 + Level 4.2 Armour
 + Level 0.9 Dodging
 + Level 0.1 Stealth
 + Level 4.0 Shields


You had 4 spell levels left.
You didn't know any spells.
Your spell library was empty.

Dungeon Overview and Level Annotations

Branches:
Dungeon (3/15)

Altars:


Message History

The kobold shouts!
The gnoll attacks as you move away!
The gnoll hits you with a +1 whip of venom!
You are more poisoned.
You feel very sick.
You feel sick. The gnoll attacks as you move away!
The gnoll hits you but does no damage.
You feel sick. You block the kobold's attack.
You closely miss the kobold. You slash the gnoll!
You feel sick. The kobold hits you but does no damage.
The gnoll hits you but does no damage. The gnoll completely misses you.
The kobold hits you with a +0 whip.
* * * LOW HITPOINT WARNING * * *
The gnoll barely misses you.
You barely miss the kobold. You hit the gnoll.
You feel sick. The kobold closely misses you. You block the gnoll's attack.
The gnoll hits you from afar with a +0 halberd.
* * * LOW HITPOINT WARNING * * *
You closely miss the kobold. You hit the gnoll.
You kill the gnoll!
You feel sick. The kobold hits you but does no damage.
The gnoll throws a stone.
The stone barely misses you.
The stone hits the kobold.
The kobold dies!
Your Axes skill increases to level 5!
You feel sick.
The gnoll throws a stone.
The stone hits you.
* * * LOW HITPOINT WARNING * * *
You see here a +0 whip.
Found a short sword.
You feel sick.
You feel better.
You see here a +0 whip.
The gnoll hits you with a +0 spear.
* * * LOW HITPOINT WARNING * * *
The gnoll closely misses you.
You slash the gnoll!
You kill the gnoll!
You completely miss the gnoll. The gnoll hits you but does no damage.
You block the gnoll's attack. The gnoll hits you with a +0 flail.
* * * LOW HITPOINT WARNING * * *
You closely miss the gnoll. You barely miss the gnoll.
The gnoll hits you with a +0 flail!
You die...

#.## #.# #... #.# #..#
#.# #..###.# ############
#......## ..........#
##.###...
##..####.####.<.##.##
#..)@g...............
#......g####.#..#.#.##.##
#..###...)...#..##..##.##
#. ##.######..g.#.##...
..# #.##.#.##... ###
#......##### ##......
#.#.##. #.#.##.####


You could see 2 gnolls.

Vanquished Creatures
  A hound (D:3)
  2 orc priests (D:3)
  2 gnolls (D:3)
  2 worms (D:2)
  A dart slug (D:1)
  3 orcs (D:3)
  6 ball pythons
  9 bats
  5 endoplasms
  2 giant cockroaches (D:1)
  5 hobgoblins
  3 jackals (D:1)
  5 quokkas
  2 frilled lizards
  6 goblins
  5 kobolds
  2 rats
61 creatures vanquished.

Vanquished Creatures (others)
  A kobold (D:3)
1 creature vanquished.

Grand Total: 62 creatures vanquished

Notes
Turn   | Place    | Note
-------+----------+-------------------------------------------
     0 | D:1      | fireball365 the Hill Orc Fighter began the quest for the
                  | Orb.
     0 | D:1      | Reached XP level 1. HP: 19/19 MP: 1/1
   152 | D:1      | Reached XP level 2. HP: 27/27 MP: 2/2
   307 | D:1      | Reached skill level 3 in Axes
   490 | D:1      | Reached XP level 3. HP: 33/33 MP: 3/3
  1096 | D:1      | Found a faded altar of an unknown god.
  1487 | D:2      | Reached XP level 4. HP: 40/40 MP: 4/4
  1575 | D:2      | Reached skill level 4 in Axes
  1911 | D:3      | HP: 1/40 [frilled lizard (2)]
  1979 | D:3      | Reached XP level 5. HP: 23/46 MP: 5/5
  2219 | D:3      | Reached skill level 5 in Axes
  2225 | D:3      | Slain by a gnoll

Illustrated notes

Levels and vault maps discovered:
D:1:      tarquinn_simple_flora_water_a, layout_basic,
          shapermc_ecumenical_altar_mp_vishouse, hex_medium, minmay_octomino_j4
D:2:      layout_rooms, serial_rivers, chequers_serial_rivers_small_3,
          chequers_serial_rivers_micro_a, chequers_serial_rivers_marsh,
          chequers_serial_rivers_room_a, chequers_serial_rivers_small_a,
          chequers_serial_rivers_marsh, minmay_circle_x
D:3:      cheibrodos_greedy_goblins, layout_loops_cross, portal_sewer_entry_e,
          uniq_jessica

Skill      XL: |  1  2  3  4  5 |
---------------+----------------+-----
Fighting       | 4 |  4.4
Axes           | 3 4 5 |  5.0
Armour         | 4 |  4.2
Shields        | 4 |  4.0
Dodging        | |  0.9
Stealth        | |  0.1

Action                     |  1- 3 |  4- 6 || total
---------------------------+-------+-------++-------
  Melee: War axe           |   144 |    59 ||   203
    Use: Scroll            |     1 |     7 ||     8
         Potion            |       |     4 ||     4
 Armour: Scale mail        |   114 |       ||   114
         Chain mail        |    37 |    64 ||   101
  Dodge: Dodged            |   123 |    32 ||   155
  Block: Buckler           |    67 |    27 ||    94
